AoeStats
← iisraelunna

Arabia

510428355Analyzed
1v1 RM · 1d ago on Oct 1, 2026· 41m 14s· 2 players
Game mode
Random Map
Map size
Tiny (2 player)
Population
200
Speed
Normal
Resources
Standard
Victory
Conquest
Starting age
Dark Age
Ending age
Imperial Age
RankedLock teamsTeams togetherTeam positionsShared explorationLock speedFull tech treeHidden civsTurbo modeCheats
Victory
Defeat
🇧🇷 Teutons · Brazil
907
+17
🇲🇽 Portuguese · Mexico
920
-17
aukm568
7:06 Loom
9:36 Feudal Age
10:45 Double-Bit Axe
14:21 Horse Collar
22:19 Castle Age
21:13 Bloodlines
21:17 Forging
21:26 Gold Mining
21:46 Scale Barding Armor
23:24 Heavy Plow
31:44 Imperial Age
29:03 Pikeman
29:44 Squires
29:29 Arson
30:08 Scale Mail Armor
30:00 Fletching
31:56 Halberdier
32:57 Chain Mail Armor
33:18 Iron Casting
34:43 Wheelbarrow
39:21 Cavalier
41:09 Blast Furnace
iisraelunna
5:55 Loom
12:14 Feudal Age
13:27 Double-Bit Axe
16:07 Wheelbarrow
21:27 Castle Age
21:23 Horse Collar
23:16 Hand Cart
22:51 Pikeman
27:18 Scale Mail Armor
28:15 Forging
32:54 Imperial Age
Connection lost

Rejoining the realm…

Still unreachable

The connection could not be restored.

Session expired

The server has moved on; the page needs a fresh start.